 Dungeon Crawl Stone Soup version 0.26-a0-1033-gd598b01645 (webtiles) character file.

Game seed: 13047926446044063996

53 robertstho the Vandal (level 4, 0/29 HPs)
             Began as a Halfling Hunter on Dec 10, 2020.
             Slain by Sigmund
             ... wielding a +0 scythe
              (13 damage)
             ... on level 2 of the Dungeon.
             The game lasted 00:01:49 (1144 turns).

robertstho the Vandal (Halfling Hunter)             Turns: 1144, Time: 00:01:50

Health: 0/29       AC:  3    Str: 13    XL:     4   Next: 11%
Magic:  13/13      EV: 14    Int:  9    God:
Gold:   75         SH:  0    Dex: 15    Spells: 3/3 levels left

rFire    . . .     SeeInvis +   a - +1 hunting sling
rCold    . . .     Faith    .   (shield restricted)
rNeg     . . .     Spirit   .   c - +0 leather armour
rPois    .         Reflect  .   (no helmet)
rElec    .         Harm     .   (no cloak)
rCorr    .         Rampage  .   (no gloves)
Will     .....                  (no boots)
Stlth    ++........             (no amulet)
HPRegen  0.09/turn              f - ring of magical power
MPRegen  0.13/turn              g - ring of see invisible

@: no status effects
A: small, mutation resistance 1
a: no special abilities


You were on level 2 of the Dungeon.
You visited 1 branch of the dungeon, and saw 2 of its levels.

You collected 75 gold pieces.

Inventory:

Hand Weapons
 a - a +1 hunting sling (weapon)
 b - a +0 short sword
Armour
 c - a +0 leather armour (worn)
Jewellery
 f - a ring of magical power (left hand)
 g - a ring of see invisible (right hand)
Potions
 j - a potion of brilliance {unknown}
 k - a potion of curing
 l - a potion of flight {unknown}
 m - a potion of invisibility {unknown}
 n - a potion of degeneration {unknown}
 o - a potion of haste {unknown}
 p - a potion of heal wounds {unknown}


   Skills:
 * Level 2.1 Fighting
 * Level 7.3 Slings
 * Level 0.3 Armour
 + Level 2.2 Dodging
 * Level 1.6 Stealth


You had 3 spell levels left.
You didn't know any spells.
Your spell library was empty.

Dungeon Overview and Level Annotations

Branches:
Dungeon (2/15)

Altars:

Annotations:
D:2 Sigmund


Innate Abilities, Weirdness & Mutations

You are small and have problems with some larger weapons.
You are somewhat resistant to further mutation.


Message History

Press: ? - help, Q - select action Shift-Dir - straight line, f/p - Sigmund
Aim: Sigmund, wielding a +0 scythe and wearing a +0 robe (almost dead, slightly transparent)
You shoot a sling bullet. The sling bullet barely misses Sigmund.
Sigmund screams, "You will never...
NEVER!!!"
Sigmund hits you from afar with a +0 scythe!
* * * LOW HITPOINT WARNING * * *
Unknown command.
Unknown command.
Okay, then.
Okay, then.
It was a potion of curing.
You feel better. Sigmund completely misses you.
As you read the scroll labelled TIP ZUIMOXOK, it crumbles to dust.
You hear a loud clanging noise!
It was a scroll of noise.
You hear an angry hiss.
As you read the scroll labelled ESTISI ZUZYETE, it crumbles to dust.
The creatures around you are filled with an inner flame!
It was a scroll of immolation.
Sigmund hits you from afar with a +0 scythe!
You die...

# ##..#
#...#.####
##.#
##.####
#.# #.#
#.# #.#
#.# #.#
#.# #.#
#.# #.#
#.# #.#
######.#
#@#
.......#
#.#
########
#@#
#.g(g(((.
#########
######
≈≈≈≈≈#
....≈#
###.≈#


You could see Sigmund (inner flame, invisible) and a hobgoblin (inner flame).

Vanquished Creatures
  2 adders (D:2)
  A worm (D:2)
  2 dart slugs (D:1)
  2 leopard geckos
  A giant cockroach (D:1)
  2 goblins
  5 hobgoblins
  2 kobolds (D:2)
  A quokka (D:2)
  5 bats (D:1)
  A frilled lizard (D:1)
  3 rats (D:1)
27 creatures vanquished.

Notes
Turn   | Place    | Note
-------+----------+-------------------------------------------
     0 | D:1      | robertstho the Halfling Hunter began the quest for the Orb.
     0 | D:1      | Reached XP level 1. HP: 14/14 MP: 1/1
   136 | D:1      | Reached skill level 6 in Slings
   153 | D:1      | Reached XP level 2. HP: 19/19 MP: 2/2
   305 | D:1      | Reached XP level 3. HP: 24/24 MP: 3/3
   814 | D:2      | Reached skill level 7 in Slings
  1056 | D:2      | Reached XP level 4. HP: 29/29 MP: 4/4
  1119 | D:2      | Noticed Sigmund
  1144 | D:2      | Slain by Sigmund

Illustrated notes

Levels and vault maps discovered:
D:1:      dpeg_arrival_simpleton_c, layout_loops_ring
D:2:      layout_loops_corners, grunt_temple_overflow_open,
          grunt_decor_fettered, kennysheep_pointless_box,
          minmay_misc_feat_plants, uniq_sigmund

Skill      XL: |  1  2  3 |
---------------+----------+-----
Slings         | 6 7 |  7.3
Fighting       | 2 |  2.1
Armour         | |  0.3
Dodging        | |  2.2
Stealth        | |  1.6

Action                   |  1- 3 |  4- 6 || total
-------------------------+-------+-------++-------
 Fire: Hunting sling     |    76 |    20 ||    96
  Use: Scroll            |       |     2 ||     2
       Potion            |       |     1 ||     1
Armor: Leather armour    |     6 |       ||     6
Dodge: Dodged            |    11 |     5 ||    16

Table legend: (Time is in decaauts)
 A = Elapsed time spent in this place.
 B = Non-inter-level travel time spent in this place.
 C = Inter-level travel time spent in this place.
 D = Time resting spent in this place.
 E = Time spent auto-exploring this place.
 F = Levels seen in this place.
 G = Mean time per level.
                   A        B        C        D        E       F      G
               +--------+--------+--------+--------+--------+-----+--------+
         Total |   1129 |   1092 |     37 |      0 |    941 |   2 |  564.5 |
       Dungeon |   1129 |   1092 |     37 |      0 |    941 |   2 |  564.5 |
               +--------+--------+--------+--------+--------+-----+--------+

Top non-repeatable levels by time:
     D:1: 639 daAuts
     D:2: 490 daAuts
